 Dungeon Crawl Stone Soup version 0.22.1-2-g9c5b331 (webtiles) character file.

1865 wyoknott the Cleaver (level 8, 0/73 HPs)
             Began as a Minotaur Berserker on Nov 28, 2018.
             Was a Priest of Trog.
             Slain by a sky beast (5 damage)
             ... on level 6 of the Dungeon.
             The game lasted 00:23:13 (4323 turns).

wyoknott the Cleaver (Minotaur Berserker)           Turns: 4323, Time: 00:23:16

Health: 0/73       AC:  9    Str: 28    XL:     8   Next: 90%
Magic:  7/7        EV:  9    Int:  4    God:    Trog [***...]
Gold:   275        SH: 10    Dex: 11    Spells: 7/7 levels left

rFire    . . .     SeeInvis .   F - -1 spear (curse)
rCold    . . .     Gourm    .   s - +0 shield
rNeg     . . .     Faith    .   H - +0 scale mail
rPois    +         Spirit   .   (helmet restricted)
rElec    .         Reflect  .   j - +0 cloak
rCorr    .         Harm     .   m - +0 pair of gloves
MR       .....                  (no boots)
Stlth    ..........             (no amulet)
HPRegen  0.22/turn              n - ring of flight
MPRegen  0.10/turn              u - ring of poison resistance

@: mighty, berserk cooldown, slowed, heavily drained, very slow
A: retaliatory headbutt, horns 2
a: Berserk, Trog's Hand, Renounce Religion, Evoke Flight


You were on level 6 of the Dungeon.
You worshipped Trog.
Trog was most pleased with you.
You were not hungry.

You visited 1 branch of the dungeon, and saw 6 of its levels.

You collected 275 gold pieces.

Inventory:

Hand Weapons
 a - a +1 hand axe
 o - a -1 dagger
 y - a -3 hand axe
 z - a +2 spear of distortion
 A - a +4 spear of venom
 B - a +0 falchion of electrocution
 C - a +2 vampiric hand axe
 F - a cursed -1 spear (weapon)
 I - a +0 halberd of chopping
Missiles
 x - 8 javelins (quivered)
Armour
 b - a +0 animal skin
 e - a +0 shield
 h - a +0 leather armour
 j - a +0 cloak (worn)
 m - a +0 pair of gloves (worn)
 r - a +0 ring mail
 s - a +0 shield (worn)
 D - a -2 ring mail
 H - a +0 scale mail (worn)
Magical Staves
 q - an uncursed staff of power {unknown}
Jewellery
 n - a ring of flight (left hand)
 u - a ring of poison resistance (right hand)
Wands
 w - a wand of digging (15)
Scrolls
 g - 5 scrolls of amnesia
 i - a scroll of magic mapping
 t - 4 scrolls of teleportation
 E - a scroll of torment {unknown}
Potions
 d - a potion of curing
 f - 2 potions of agility
 k - 4 potions of degeneration
 p - 2 potions of lignification
 G - a potion of cancellation {unknown}
Comestibles
 c - 7 rations


   Skills:
 + Level 7.0(5.0) Fighting
 + Level 1.7(0.0) Short Blades
 + Level 8.6(6.5) Axes
 + Level 1.1(3.5) Polearms
 + Level 5.4(3.5) Armour
 + Level 4.7(2.8) Dodging
 + Level 2.0(0.2) Stealth
 + Level 5.3(3.3) Shields


You had 7 spell levels left.
You didn't know any spells.
Your spell library was empty.

Dungeon Overview and Level Annotations

Branches:
Dungeon (6/15)             Temple (0/1) D:5

Altars:
Ashenzari
Vehumet
Yredelemnul


Innate Abilities, Weirdness & Mutations

You reflexively headbutt those who attack you in melee.
You have a pair of horns on your head.


Message History

The wight barely misses you. You furiously retaliate!
You headbutt the wight. The adder zombie bites you.
* * * LOW HITPOINT WARNING * * *
You feel very mighty all of a sudden.
The sky beast flickers out of sight!
Deactivating autopickup; reactivate with Ctrl-A.
Something hits you but does no damage. You block the adder zombie's attack.
You block the wight's attack. The wight closely misses you.
You furiously retaliate!
You headbutt the wight.
You destroy the wight!
Trog accepts your kill. Something hits you but does no damage.
You block the adder zombie's attack.
You puncture the wight!
The wight is severely damaged.
The wight hits you with an enchanted trident.
* * * LOW HITPOINT WARNING * * *
Something hits you.
* * * LOW HITPOINT WARNING * * *
Something shocks you.
You die...

. ... ###. ... ...#
..... #..#......
####..#......
#####........... ###
........(z#...# #..
..........Z@#>..# #.#
.#........{)†...# ..#
....###.##≈.##..#
#.###.# .###.##..# [#
......#..........# #
.....##...##.##.##
(............#...##.
...†.### ###...#.....#
..#†####.###.#...#.....


You could see a wight and an adder zombie.

Vanquished Creatures
  A wyvern (D:5)
  An ice beast (D:5)
  2 ogres (D:4)
  A sky beast (D:5)
  2 centaurs (D:6)
  3 bullfrogs (D:6)
  A wyvern zombie (D:6)
  A wyvern skeleton (D:6)
  2 scorpions
  4 wights (D:6)
  A howler monkey (D:5)
  2 crimson imps
  An orc priest (D:6)
  An orc wizard (D:4)
  2 gnoll shamans
  An iguana (D:4)
  A centaur skeleton (D:5)
  4 worker ants
  A killer bee zombie (D:5)
  13 gnolls
  3 adders
  A shadow imp (D:6)
  2 oozes
  An adder skeleton (D:4)
  5 worms
  A dart slug (D:1)
  4 leopard geckos
  16 orcs
  3 ball pythons
  5 bats (D:1)
  3 giant cockroaches
  6 goblins
  5 hobgoblins
  5 jackals
  3 frilled lizards
  7 kobolds
  2 rats
117 creatures vanquished.

Vanquished Creatures (others)
  An orc (D:4)
1 creature vanquished.

Grand Total: 118 creatures vanquished

Notes
Turn   | Place    | Note
-------+----------+-------------------------------------------
     0 | D:1      | wyoknott the Minotaur Berserker began the quest for the
                  | Orb.
     0 | D:1      | Reached XP level 1. HP: 19/19 MP: 0/0
   334 | D:1      | Reached skill level 4 in Axes
   334 | D:1      | Reached XP level 2. HP: 21/27 MP: 1/1
   983 | D:2      | Reached XP level 3. HP: 32/33 MP: 2/2
  2314 | D:3      | Reached skill level 1 in Stealth
  2386 | D:3      | Reached ** piety under Trog
  2491 | D:3      | Reached XP level 4. HP: 33/40 MP: 3/3
  2847 | D:4      | Noticed an ogre
  2852 | D:4      | Killed an ogre
  2852 | D:4      | Reached skill level 1 in Short Blades
  2852 | D:4      | Reached skill level 1 in Shields
  2852 | D:4      | Reached XP level 5. HP: 46/47 MP: 4/4
  2880 | D:4      | Reached skill level 5 in Axes
  2899 | D:4      | Found a shattered altar of Ashenzari.
  3035 | D:4      | Found a radiant altar of Vehumet.
  3084 | D:4      | Reached XP level 6. HP: 51/53 MP: 5/5
  3500 | D:5      | Entered Level 5 of the Dungeon
  3501 | D:5      | Noticed a sky beast
  3503 | D:5      | Reached skill level 5 in Fighting
  3510 | D:5      | Reached XP level 7. HP: 61/61 MP: 6/6
  3527 | D:5      | Reached skill level 6 in Axes
  3639 | D:5      | Found a basalt altar of Yredelemnul.
  3655 | D:5      | Noticed a wyvern
  3664 | D:5      | Killed a wyvern
  3664 | D:5      | Reached skill level 7 in Axes
  3834 | D:5      | Found a staircase to the Ecumenical Temple.
  3915 | D:5      | Reached XP level 8. HP: 66/70 MP: 7/7
  4107 | D:6      | Reached *** piety under Trog
  4187 | D:6      | Reached skill level 8 in Axes
  4193 | D:6      | Reached skill level 5 in Armour
  4296 | D:6      | Reached skill level 5 in Shields
  4312 | D:6      | Reached skill level 1 in Polearms
  4323 | D:6      | Slain by a sky beast

Skill      XL: |  1  2  3  4  5  6  7  8 |
---------------+-------------------------+-----
Axes           | 4 5 7 8 |  8.6
Fighting       | 4 5 7 |  7.0
Stealth        | 1 2 |  2.0
Short Blades   | 1 |  1.7
Armour         | 3 4 5 |  5.4
Dodging        | 3 4 |  4.7
Shields        | 1 2 3 5 |  5.3
Polearms       | 1 |  1.1

Action                   |  1- 3 |  4- 6 |  7- 9 || total
-------------------------+-------+-------+-------++-------
Melee: Hand axe          |    75 |    74 |   108 ||   257
       Headbutt          |    14 |    17 |    37 ||    68
       Dagger            |    31 |       |       ||    31
       Spear             |       |    10 |    30 ||    40
Invok: Berserk           |       |     2 |     2 ||     4
       Trog's Hand       |       |     1 |     2 ||     3
  Use: Scroll            |     9 |     1 |     3 ||    13
       Potion            |       |       |     5 ||     5
  Eat: Ration            |     2 |     2 |     2 ||     6
Armor: Animal skin       |    14 |       |       ||    14
       Leather armour    |    11 |     5 |       ||    16
       Ring mail         |       |     8 |    28 ||    36
       Scale mail        |       |       |    52 ||    52
Dodge: Dodged            |    42 |    31 |   107 ||   180
Block: Shield            |    47 |    43 |   121 ||   211
